Map: 이터널 엠파이어 - 래더

Players

INnoVation

  • Race: Terran Terran
  • Spawn Location: 1:00

Trap - Winner!

  • Race: Protoss Protoss
  • Spawn Location: 7:00

Event: IEM Katowice 2020

VOD

Have the link to the VOD?

Description

Time

  • Played on: Feb. 28, 2020, 9:06 a.m.
  • Length: 9:43

All games in this series

Show
View Real Time Build Order
Export as new Build Order

INnoVation Terran 

Build Orders: Reaper Expand 

Get SALT Encoding   

  12  0:00  SCV  
  13  0:12  SCV  
  14  0:16  Supply Depot  
  14  0:24  SCV  
  15  0:38  SCV, Barracks  
  16  0:43  Refinery  
  16  0:50  SCV  
  17  1:02  SCV  
  18  1:14  SCV  
  19  1:25  Reaper  
  19  1:26  Orbital Command  
  20  1:39  Command Center  
  20  1:49  Supply Depot  
  20  1:52  SCV  
  21  1:57  Marine  
  22  2:04  SCV  
  22  2:06  Factory  
  23  2:10  Refinery  
  23  2:16  SCV  
  23  2:20  Barracks Reactor  
  23  2:21  Bunker  
  24  2:28  SCV  
  25  2:40  SCV  
  26  2:52  Orbital Command  
  26  2:53  SCV, Starport, Widow Mine  
  26  2:56  Marine  
  30  2:58  Marine  
  32  3:05  SCV  
  32  3:14  Marine  
  32  3:15  Factory Tech Lab  
  32  3:16  Marine  
  32  3:17  SCV  
  32  3:18  SCV  
  36  3:24  Supply Depot  
  36  3:29  SCV  
  36  3:30  SCV  
  36  3:32  Marine  
  39  3:34  Marine  
  39  3:37  Raven  
  39  3:43  Factory Tech Lab  
  39  3:44  SCV  
  39  3:45  SCV  
  38  3:50  Marine  
  38  3:52  Marine  
  38  3:57  SCV x2  
  38  4:02  Cyclone  
  40  4:07  Marine  
  40  4:09  SCV x2, Marine  
  44  4:18  Command Center  
  44  4:23  SCV x2  
  46  4:25  Marine  
  46  4:27  Marine  
  48  4:34  Supply Depot  
  48  4:35  SCV x2  
  49  4:45  Siege Tank  
  49  4:50  SCV x2  
  49  4:51  Supply Depot  
  54  4:54  Barracks  
  54  5:03  SCV x2  
  54  5:04  Marine, Barracks, Stimpack  
  57  5:12  Refinery  
  57  5:15  SCV, Refinery  
  57  5:16  SCV  
  57  5:18  Siege Tank  
  62  5:25  Engineering Bay  
  62  5:27  SCV  
  62  5:28  SCV  
  64  5:29  Marine  
  64  5:30  Engineering Bay  
  64  5:33  Orbital Command  
  65  5:40  SCV x2, Starport Reactor  
  65  5:41  Marine  
  65  5:42  Marine  
  69  5:50  Barracks  
  69  5:55  Barracks  
  69  5:56  Terran Infantry Weapons Level 1  
  69  5:57  Terran Infantry Armor Level 1  
  69  5:59  Factory Reactor  
  69  6:01  Marine  
  69  6:02  Marine  
  71  6:04  Marine x2  
  71  6:07  Combat Shield  
  73  6:11  Supply Depot  
  73  6:16  Supply Depot, Medivac  
  76  6:18  SCV, Medivac  
  76  6:20  Marine  
  76  6:21  Marine  
  80  6:26  Marauder x2  
  84  6:34  Supply Depot  
  84  6:38  Marine  
  84  6:39  Marine  
  82  6:42  Barracks Tech Lab  
  82  6:44  Concussive Shells, Marine x2  
  84  6:48  Medivac, Marauder x2  
  84  6:50  Supply Depot  
  84  6:54  Medivac  
  92  6:58  Marine x2, Supply Depot  
  93  7:02  Marine x2  
  93  7:08  Marauder  
  96  7:09  Marauder x2  
  100  7:16  Marine x2  
  100  7:17  Supply Depot  
  100  7:20  Marine x2, Medivac  
  100  7:22  Orbital Command  
  106  7:23  Medivac  
  108  7:32  Marauder x3  
  108  7:34  Marine  
  108  7:35  Marine  
  116  7:37  Marine  
  116  7:38  Marine  
  110  7:53  Marauder x3  
  111  8:11  Marine  
  111  8:12  Marine x3  
  114  8:15  Marauder x3  
  114  8:18  Medivac  
  123  8:20  Medivac  
  116  8:36  Marauder x3  
  116  8:39  Marine x2  
  78  8:55  Marine x2  
  68  8:57  Marine, Marauder x2  
  68  8:58  Marauder  
  68  8:59  Medivac  
  72  9:14  Marine  
  72  9:15  Marine x2  
  69  9:19  Marauder x3  
Show
View Real Time Build Order
Export as new Build Order

Trap Protoss - Winner!

Build Orders: 1 Gate Expand, Oracle Opening, Phoenix Opening 

Get SALT Encoding   

  12  0:00  Probe  
  13  0:12  Probe  
  14  0:18  Pylon  
  14  0:24  Probe (Chrono Boost)  
  15  0:36  Gateway  
  15  0:37  Probe (Chrono Boost)  
  16  0:45  Probe (Chrono Boost)  
  16  0:46  Assimilator  
  17  0:51  Probe  
  18  1:03  Probe  
  19  1:15  Probe  
  20  1:23  Nexus  
  20  1:32  Cybernetics Core  
  20  1:35  Probe  
  21  1:42  Assimilator  
  21  1:47  Probe  
  21  1:51  Pylon  
  22  1:59  Probe  
  22  2:00  Pylon  
  23  2:06  Adept (Chrono Boost)  
  23  2:12  Probe  
  26  2:20  Stargate  
  26  2:24  Probe  
  26  2:26  Warp Gate  
  27  2:31  Adept (Chrono Boost)  
  29  2:40  Probe (Chrono Boost)  
  31  2:44  Probe (Chrono Boost)  
  31  2:50  Probe (Chrono Boost)  
  33  2:53  Probe (Chrono Boost)  
  33  2:55  Probe (Chrono Boost)  
  33  2:57  Stalker  
  36  3:03  Probe  
  36  3:04  Oracle (Chrono Boost)  
  37  3:10  Probe  
  41  3:15  Probe  
  42  3:22  Probe  
  43  3:27  Probe  
  44  3:34  Phoenix  
  44  3:35  Probe  
  44  3:39  Probe  
  46  3:47  Probe  
  47  3:51  Probe, Gateway  
  47  3:55  Twilight Council  
  48  3:59  Probe  
  48  4:00  Gateway  
  47  4:03  Probe  
  47  4:05  Assimilator  
  47  4:07  Pylon  
  48  4:11  Forge  
  48  4:14  Stalker  
  48  4:15  Probe  
  48  4:16  Probe  
  52  4:20  Pylon  
  52  4:29  Probe, Blink (Chrono Boost)  
  52  4:30  Probe  
  54  4:44  Protoss Ground Weapons Level 1  
  52  4:54  Nexus, Stalker x2  
  52  4:57  Probe x2  
  52  4:59  Stalker  
  60  5:01  Pylon  
  60  5:09  Probe x2  
  60  5:11  Pylon, Assimilator  
  62  5:19  Forge  
  62  5:21  Probe x2  
  64  5:29  Stalker  
  64  5:30  Stalker x2  
  64  5:33  Probe (Chrono Boost)  
  72  5:36  Probe (Chrono Boost)  
  72  5:40  Pylon  
  72  5:45  Probe (Chrono Boost)  
  72  5:48  Probe (Chrono Boost), Pylon  
  74  5:54  Probe (Chrono Boost)  
  74  5:56  Probe (Chrono Boost)  
  76  5:58  Protoss Ground Armor Level 1 (Chrono Boost)  
  76  6:01  Probe x2 (Chrono Boost)  
  78  6:08  Charge, Gateway  
  78  6:10  Gateway  
  78  6:11  Templar Archives  
  78  6:14  Probe (Chrono Boost)  
  78  6:17  Probe (Chrono Boost)  
  81  6:19  Probe (Chrono Boost)  
  81  6:20  Assimilator  
  81  6:23  Probe (Chrono Boost), Assimilator  
  81  6:25  Sentry  
  85  6:26  Probe (Chrono Boost)  
  85  6:27  Probe (Chrono Boost), Pylon, Psionic Storm  
  85  6:28  Probe (Chrono Boost)  
  87  6:36  Probe  
  87  6:38  Probe  
  89  6:40  Pylon  
  89  6:45  Gateway  
  89  6:47  Gateway  
  89  6:48  Gateway  
  89  6:50  Probe  
  89  6:51  Probe x2  
  89  6:53  High Templar x2  
  96  7:05  Nexus  
  96  7:08  High Templar, Pylon  
  98  7:12  High Templar, Photon Cannon  
  98  7:14  Zealot  
  102  7:19  Robotics Facility  
  102  7:20  Pylon  
  102  7:25  Zealot  
  102  7:26  Zealot  
  106  7:34  Zealot  
  106  7:44  Zealot x4  
  106  7:47  Zealot  
  106  7:48  Zealot x2  
  116  8:00  High Templar  
  118  8:08  High Templar x2  
  118  8:09  Zealot x5  
  118  8:11  Immortal (Chrono Boost)  
  132  8:13  Archon x2  
  132  8:19  Shield Battery  
  136  8:21  Shield Battery  
  135  8:32  Pylon  
  135  8:34  Pylon  
  111  8:41  Pylon  
  111  8:42  Zealot x8  
  111  8:44  Pylon  
  107  8:51  Probe x2  
  97  9:03  Probe  
  97  9:04  Stalker x4  
  98  9:25  High Templar x2  
  98  9:26  High Templar x2, Zealot  
  98  9:27  Zealot x3  

Tags
 
Add a new tag
Caveats
  • Supply blocks, unpowered buildings, or Contaminate may cause inaccurate times.
  • Supply counts are checked every 10 seconds.